AoeStats
← DUNCAN

Arena

510443463Analyzed
3v3 RM · 1d ago on Oct 1, 2026· 43m 11s· 6 players
Game mode
Random Map
Map size
Normal (6 player)
Population
200
Speed
Normal
Resources
Standard
Victory
Conquest
Starting age
Dark Age
Ending age
Imperial Age
RankedLock teamsTeams togetherTeam positionsShared explorationLock speedFull tech treeHidden civsTurbo modeCheats
Victory
Defeat
🇺🇸 Turks · United States
926
+17
🇺🇸 Jurchens · United States
923
+17
🇺🇸 Armenians · United States
881
+18
🇺🇸 Byzantines · United States
964
-49
🇺🇸 Dravidians · United States
934
-17
🇦🇷 Goths · Argentina
932
-17
Gir The Reaper
11:18 Feudal Age
12:01 Double-Bit Axe
12:01 Horse Collar
20:07 Castle Age
21:23 Scale Barding Armor
22:43 Bow Saw
24:44 Stone Mining
24:44 Gold Mining
27:45 Husbandry
29:59 Chain Barding Armor
32:31 Heavy Plow
35:57 Imperial Age
Campain3r
1:33 Loom
10:35 Feudal Age
11:01 Double-Bit Axe
10:58 Horse Collar
14:23 Loom
14:36 Fletching
15:52 Town Watch
20:01 Castle Age
19:13 Scale Barding Armor
19:19 Forging
21:04 Husbandry
21:16 Heavy Plow
21:33 Bow Saw
22:09 Wheelbarrow
23:56 Hand Cart
28:36 Imperial Age
27:52 Chain Barding Armor
28:17 Elite Skirmisher
29:04 Thumb Ring
29:12 Bodkin Arrow
29:18 Padded Archer Armor
31:26 Bracer
32:29 Chemistry
32:47 Ballistics
32:45 Leather Archer Armor
32:37 Light Cavalry
34:04 Ring Archer Armor
DUNCAN
2:26 Loom
11:01 Feudal Age
11:43 Double-Bit Axe
14:18 Horse Collar
19:25 Castle Age
20:35 Bow Saw
20:59 Heavy Plow
26:43 Treadmill Crane
27:45 Wheelbarrow
26:55 Town Watch
30:53 Imperial Age
29:02 Forging
28:52 Stone Mining
29:54 Wheelbarrow
29:31 Man-at-Arms
30:14 Squires
30:53 Gold Mining
31:15 Scale Mail Armor
30:48 Pikeman
31:43 Anarchy
32:31 Iron Casting
31:51 Capped Ram
33:25 Stone Shaft Mining
33:49 Hand Cart
33:19 Town Watch
35:51 Blast Furnace
36:49 Chemistry
35:57 Scale Barding Armor
36:12 Chain Mail Armor
36:47 Halberdier
BloodTearss
12:29 Feudal Age
13:40 Double-Bit Axe
14:19 Man-at-Arms
14:48 Horse Collar
17:45 Wheelbarrow
20:35 Castle Age
19:04 Fletching
19:14 Padded Archer Armor
20:16 Gold Mining
20:18 Stone Mining
19:59 Long Swordsman
22:04 Bow Saw
21:41 Loom
23:52 Heavy Plow
24:19 Ballistics
24:13 Fortified Wall
24:15 Masonry
25:17 Town Watch
26:23 Bodkin Arrow
26:44 Forging
26:35 Scale Mail Armor
26:56 Pikeman
27:24 Gambesons
27:40 Squires
29:27 Gold Shaft Mining
30:49 Halberdier
33:13 Two-Handed Swordsman
34:31 Iron Casting
34:11 Chain Mail Armor
38:57 Champion
42:04 Murder Holes
Fryy
11:59 Feudal Age
17:23 Castle Age
18:12 Double-Bit Axe
18:20 Gold Mining
22:05 Imperial Age
21:00 Bow Saw
22:30 Padded Archer Armor
24:29 Wheelbarrow
25:40 Horse Collar
27:22 Hand Cart
27:15 Heavy Plow
31:05 Ballistics
32:01 Gold Shaft Mining
32:11 Stone Mining
33:57 Fletching
34:23 Leather Archer Armor
37:55 Elite Janissary
40:36 Loom
42:58 Bodkin Arrow
sleW
8:48 Loom
10:33 Feudal Age
15:00 Castle Age
14:27 Double-Bit Axe
14:24 Horse Collar
26:07 Scale Barding Armor
27:48 Wheelbarrow
27:00 Town Watch
27:47 Stone Mining
27:51 Gold Mining
28:15 Forging
29:43 Chain Barding Armor
30:15 Hand Cart
31:12 Iron Casting
31:25 Bloodlines
31:53 Husbandry
35:40 Imperial Age
34:08 Gold Shaft Mining
34:44 Town Patrol
36:36 Elite Iron Pagoda
38:28 Plate Barding Armor
38:53 Blast Furnace
38:57 Caravan
40:36 Conscription
41:07 Stone Shaft Mining
42:30 Siege Engineers
Connection lost

Rejoining the realm…

Still unreachable

The connection could not be restored.

Session expired

The server has moved on; the page needs a fresh start.